 Dungeon Crawl Stone Soup version 0.19-a0 (webtiles) character file.

255 Mefis the Magician (level 5, 0/28 HPs)
             Began as a Deep Elf Wizard on Apr 27, 2016.
             Was an Initiate of Sif Muna.
             Slain by a bat (1 damage)
             ... summoned by Eustachio
             ... on level 4 of the Dungeon.
             The game lasted 00:12:54 (3262 turns).

Mefis the Magician (Deep Elf Wizard)                Turns: 3262, Time: 00:12:55

Health: 0/28       AC:  2    Str:  4    XL:     5   Next: 91%
Magic:  0/15       EV: 13    Int: 24    God:    Sif Muna [......]
Gold:   296        SH:  0    Dex: 13    Spells: 7 memorised, 0 levels left

rFire  . . .     SeeInvis .     s - +0 blowgun
rCold  . . .     Gourm    .     a - +0 robe
rNeg   . . .     Faith    .     (no shield)
rPois  .         Spirit   .     b - +0 hat
rElec  .         Dismiss  .     (no cloak)
rCorr  .         Reflect  .     (no gloves)
SustAt .         Harm     .     (no boots)
MR     .....                    (no amulet)
Stlth  ++........               (no ring)
                                (no ring)

@: very slightly contaminated, repel missiles, not resistant to hostile
enchantments, unstealthy
A: no striking features
a: Renounce Religion


You were on level 4 of the Dungeon.
You worshipped Sif Muna.
Sif Muna was noncommittal.
You were hungry.

You visited 1 branch of the dungeon, and saw 5 of its levels.

You collected 296 gold pieces.

Inventory:

Hand Weapons
 j - a +0 dagger
 r - a +0 shortbow
 s - a +0 blowgun (weapon)
Missiles
 k - 22 poisoned needles (quivered)
 o - 8 arrows
 v - 4 tomahawks
 y - a throwing net
Armour
 a - a +0 robe (worn)
 b - a +0 hat (worn)
Scrolls
 e - 3 scrolls of identify
 h - a scroll of immolation
 i - a scroll of recharging
 l - a scroll of remove curse
 q - 2 scrolls of blinking {unknown}
 u - a scroll of random uselessness {unknown}
 w - a scroll of fear {unknown}
Potions
 g - a potion of heal wounds {unknown}
 m - a potion of curing
 x - a potion of might {unknown}
Books
 c - a book of Minor Magic

   Spells                             Type                      Level
   a - Magic Dart                     Conjuration                  1
   b - Blink                          Translocation                2
   c - Call Imp                       Summoning                    2
   d - Repel Missiles                 Charms/Air                   2
   e - Slow                           Hexes                        2
   f - Conjure Flame                  Conjuration/Fire             3
   g - Mephitic Cloud                 Conjuration/Poison/Air       3
Comestibles
 d - 3 bread rations
 f - 4 meat rations
 n - 2 beef jerkies
 t - a slice of pizza


   Skills:
 + Level 0.9 Bows
 + Level 0.2 Throwing
 + Level 3.9 Dodging
 + Level 3.1 Stealth
 + Level 5.6 Spellcasting
 + Level 2.5 Conjurations
 + Level 0.3 Hexes
 + Level 2.1 Summonings
 + Level 2.5 Translocations
 + Level 0.9 Fire Magic
 + Level 1.0 Poison Magic


You couldn't memorise any spells.
You knew the following spells:

 Your Spells              Type           Power        Failure   Level  Hunger
a - Magic Dart            Conj           ###.         2%          1    None
b - Call Imp              Summ           ###.....     6%          2    None
c - Blink                 Tloc           N/A          6%          2    None
d - Repel Missiles        Chrm/Air       #.....       14%         2    None
e - Mephitic Cloud        Conj/Pois/Air  ##......     17%         3    #......
f - Conjure Flame         Conj/Fire      ###.....     14%         3    #......
g - Slow                  Hex            #.......     12%         2    None


Dungeon Overview and Level Annotations

Branches:
Dungeon (5/15)
 Temple: D:4-7

Altars:
Elyvilon
Gozag
Kikubaaqudgha
Qazlal
Sif Muna

Annotations:
D:4 Eustachio
D:5 Grinder


Message History

Aiming: Magic Dart
Press: ? - help, Shift-Dir - straight line, f/p - Eustachio
Aim: Eustachio, wielding a falchion and wearing a leather armour (severely wounded)
The magic dart hits the bat.
The bat is heavily wounded.
The bat hits you but does no damage. The bat closely misses you.
Your crimson imp barely misses Eustachio.
Read which item? (? for menu, Esc to quit)
As you read the scroll labeled TAWKORGH ASEUMI, it crumbles to dust.
The creatures around you are filled with an inner flame!
It was a scroll of immolation.
The bat misses you. The bat barely misses you.
The river rat closely misses you.
Eustachio mumbles some strange words.
Your crimson imp blinks!
The bat hits you but does no damage.
Read which item? (? for menu, Esc to quit)
As you read the scroll labeled KUOR POWKAESEPH, it crumbles to dust.
You feel aware of your surroundings.
You sensed 1 altar.
It was a scroll of magic mapping.
The bat hits you.
You die...

*,,,........#,,+,,,,,,*,,,
***,,,,.......##########****
*,,,**+*#.(......(.....#*,,*
**,,,,,,+..55..........#,,,,
*,,,,,,#..............#,,,,
*,,,,,,#....@.((......#,,,,
*,,,,,,#.(............#,,,,
*,,,,,,#..bbr.(.......#,,,,
******+**+*#..@r..........###,,
*,,,,,,........#######......#**
*,,,,,,........+.....#......#
*,,,,,,........#....>'......#
*,,,,,,........####..#......# *
*,,,,,,.........,,########### *
*,,,,,,.........,,* *
*,,,,,,.........,,* *
*,,,,,,,,,,,,,,,,,* *


You could see Eustachio (inner flame), an iron imp, a quasit, 2 river rats and 2
bats.

Vanquished Creatures
  A vampire bat (D:2)
  A worker ant (D:4)
  3 adders
  An adder skeleton (D:4)
  A dart slug (D:2)
  3 orcs
  4 bats
  2 bat skeletons (D:2)
  2 bat zombies (D:2)
  3 giant cockroaches
  5 goblins
  3 hobgoblins
  8 kobolds
  A quokka (D:3)
  7 rats
  A fungus (D:3)
46 creatures vanquished.

Vanquished Creatures (collateral kills)
  The ghost of Yehuk the Ducker, an amateur DsMo (D:3)
  A vampire bat (D:2)
  A bat skeleton (D:2)
3 creatures vanquished.

Grand Total: 49 creatures vanquished

Notes
Turn   | Place    | Note
--------------------------------------------------------------
     0 | D:1      | Mefis the Deep Elf Wizard began the quest for the Orb.
     0 | D:1      | Reached XP level 1. HP: 10/10 MP: 7/7
   458 | D:1      | Reached skill level 5 in Spellcasting
   458 | D:1      | Reached XP level 2. HP: 15/15 MP: 5/10
   462 | D:1      | Learned a level 2 spell: Call Imp
   465 | D:1      | Learned a level 2 spell: Blink
   468 | D:1      | Learned a level 2 spell: Repel Missiles
   998 | D:2      | Found a stormy altar of Qazlal.
  1398 | D:2      | Found an ancient bone altar of Kikubaaqudgha.
  1398 | D:2      | Noticed a vampire bat
  1410 | D:2      | Killed a vampire bat
  1410 | D:2      | Reached XP level 3. HP: 17/19 MP: 3/11
  1415 | D:2      | Learned a level 3 spell: Mephitic Cloud
  1482 | D:2      | Reached XP level 4. HP: 23/24 MP: 5/13
  1559 | D:2      | Learned a level 3 spell: Conjure Flame
  1622 | D:2      | Found a white marble altar of Elyvilon.
  2106 | D:3      | Noticed Yehuk's ghost (amateur DsMo)
  2175 | D:3      | Killed Yehuk's ghost
  2175 | D:3      | Reached XP level 5. HP: 15/28 MP: 3/15
  2179 | D:3      | Learned a level 2 spell: Slow
  2733 | D:4      | Found a deep blue altar of Sif Muna.
  2741 | D:4      | Became a worshipper of Sif Muna the Loreminder
  2754 | D:4      | Found an opulent altar of Gozag.
  2830 | D:4      | Reached skill level 1 in Poison Magic
  3051 | D:5      | Entered Level 5 of the Dungeon
  3051 | D:5      | Noticed Grinder
  3230 | D:4      | Noticed Eustachio
  3259 | D:4      | HP: 1/28 [bat[Eustachio] (1)]
  3262 | D:4      | Slain by a bat

Vault maps used:
D:1:      tarquinn_simple_flora_water_d
D:2:      lemuel_doored_altar, kennysheep_vampire_church, elyvilon_altar_3,
          first_bread
D:3:      minmay_gold_behind_fungi, kennysheep_generic_room_16
D:4:      lemuel_round_altar, grunt_pakellas_mercury,
          nicolae_gozag_cash_rules_everything_around_me, st_stairs_7,
          uniq_eustachio
D:5:      nemelex_deck, uniq_duvessa, uniq_grinder, uniq_pikel

Skill      XL: |  1  2  3  4  5 |
---------------+----------------+-----
Spellcasting   | 5 |  5.6
Dodging        | 3 |  3.9
Conjurations   | 2 |  2.5
Translocations | 2 |  2.5
Stealth        | 3 |  3.1
Summonings     | 2 |  2.1
Poison Magic   | 1 |  1.0
Bows           | |  0.9
Throwing       | |  0.2
Hexes          | |  0.3
Fire Magic     | |  0.9

Action                   |  1- 3 |  4- 6 || total
-------------------------+-------+-------++-------
Melee: Short sword       |     3 |    21 ||    24
       War axe           |       |     6 ||     6
 Fire: Shortbow          |       |    13 ||    13
       Blowgun           |       |     2 ||     2
Throw: Tomahawk          |       |     5 ||     5
 Cast: Magic Dart        |    57 |    69 ||   126
       Call Imp          |     3 |     5 ||     8
       Repel Missiles    |     1 |       ||     1
       Blink             |       |     3 ||     3
       Mephitic Cloud    |       |     1 ||     1
  Use: Scroll            |       |     5 ||     5
       Potion            |       |     2 ||     2
  Eat: Chunk             |     1 |     1 ||     2
       Bread ration      |       |     1 ||     1
Armor: Robe              |    10 |     6 ||    16
Dodge: Dodged            |    31 |    34 ||    65
